 Dungeon Crawl Stone Soup version 0.31.0-32-g396128a36d (webtiles) character file.

Game seed: 4971049424627720082

2480 Peloso the Carver (level 9, -3/78 HPs)
             Began as a Minotaur Fighter on Mar 22, 2024.
             Splashed by a jelly's acid (6 damage)
             ... on level 6 of the Dungeon.
             The game lasted 00:12:01 (6560 turns).

Peloso the Carver (Minotaur Fighter)                Turns: 6560, Time: 00:12:02

Health: -3/78      AC: 10    Str: 21    XL:     9   Next: 27%
Magic:  8/8        EV:  7    Int:  5    God:
Gold:   600        SH:  5    Dex: 14    Spells: 8/8 levels left

rFire   . . .        a - +0 long sword
rCold   + . .        d - +0 buckler
rNeg    . . .        B - +0 plate armour
rPois   .            (helmet currently unavailable)
rElec   .            (cloak currently unavailable)
rCorr   .            (gloves currently unavailable)
SInv    .            l - melded +0 pair of boots
Will    .....        (no amulet) Stlth
                     k - ring of protection from cold
HPRegen 0.33/turn    (no ring)
MPRegen 0.11/turn

%: no passive effects
@: beast-form, corroded
A: beast (slay +1), horns 2, retaliatory headbutt
a: Begin Untransformation


You were on level 6 of the Dungeon.
You were a hulking beast.
You visited 2 branches of the dungeon, and saw 7 of its levels.
You also visited: Ossuary.

You collected 600 gold pieces.

Inventory:

Hand Weapons
 a - a +0 long sword (weapon)
Armour
 b - a +0 scale mail
 c - a +0 chain mail
 d - a +0 buckler (worn)
 l - a +0 pair of boots (melded)
 B - a +0 plate armour (worn)
Jewellery
 k - a ring of protection from cold (left hand)
 x - a ring of willpower
Talismans
 t - a beast talisman (active)
 z - a serpent talisman
Wands
 e - a wand of flame (3)
 o - a wand of charming (6)
Scrolls
 f - a scroll of fear
 m - a scroll of blinking
 n - a scroll of immolation
 q - a scroll of amnesia
 r - a scroll of poison {unknown}
 w - 2 scrolls of revelation
 y - 2 scrolls of identify
 A - 3 scrolls of enchant armour {unknown}
Potions
 g - 2 potions of might
 h - 4 potions of curing
 i - 2 potions of invisibility
 j - a potion of lignification {unknown}
 p - 3 potions of enlightenment
 s - 2 potions of haste
 u - 2 potions of ambrosia {unknown}
 v - 2 potions of heal wounds {unknown}


   Skills:
 + Level 6.5 Fighting
 + Level 9.2 Long Blades
 + Level 9.1 Armour
 + Level 2.4 Dodging
 + Level 1.1 Stealth
 + Level 6.0 Shields
 + Level 1.8 Shapeshifting


You had 8 spell levels left.
You didn't know any spells.
Your spell library contained the following spells:

 Spells                   Type           Power      Damage    Failure   Level
 Ensorcelled Hibernation  Hex/Ice        0%         N/A       100%        2
 Dazzling Flash           Conj/Hex       0%         N/A       100%        3
 Mephitic Cloud           Conj/Alch/Air  0%         N/A       100%        3
 Passwall                 Erth           0%         N/A       100%        3
 Swiftness                Air            0%         N/A       100%        3
 Curse of Agony           Necr           0%         N/A       100%        5
 Silence                  Hex/Air        0%         N/A       100%        5


Dungeon Overview and Level Annotations

Branches:
Dungeon (6/15)             Temple (1/1) D:4         Ossuary (visited)

Altars:
Ashenzari
Cheibriados
Dithmenos
Elyvilon
Fedhas
Gozag
Hepliaklqana
Nemelex Xobeh
Qazlal
Trog
Uskayaw
Vehumet
Xom
Yredelemnul
Zin
The Shining One

Shops:
D:3 =   D:4 [

Annotations:
D:5 4 runed translucent doors, Crazy Yiuf; Xeniu's ghost, novice OpIE


Innate Abilities, Weirdness & Mutations

You are a hulking beast.
Your limbs bulge with bestial killing power. (Slay +1)
You have a pair of horns on your head.
You reflexively headbutt those who attack you in melee.


Message History

You slash the troll!
The troll is severely wounded.
You block the troll's attack. The troll claws you. The troll barely misses you.
You hit the troll but do no damage. You headbutt the troll.
The troll is almost dead.
You block the troll's attack. The troll claws you! The troll barely misses you.
You barely miss the troll.
The troll is almost dead.
You block the troll's attack. The troll claws you. The troll barely misses you.
You hit the troll. Your headbutt misses the troll.
The troll is almost dead.
You block the troll's attack. The troll claws you. The troll claws you!
* * * LOW HITPOINT WARNING * * *
You hit the troll.
The troll is almost dead.
The troll bites you but does no damage. The troll claws you.
* * * LOW HITPOINT WARNING * * *
The troll claws you but does no damage.
You closely miss the troll. You headbutt the troll.
You kill the troll!
The troll leather armour is intact enough to wear.
Your Shields skill increases to level 6!
You slash the jelly! The acid corrodes you!
Your hands burn!
* * * LOW HITPOINT WARNING * * *
The jelly is heavily wounded.
The jelly hits you but does no damage.
You hit the jelly.
Your hands burn!
* * * LOW HITPOINT WARNING * * *
You headbutt the jelly.
The jelly is severely wounded.
The jelly barely misses you.
Unknown command.
You hit the jelly but do no damage.
Your hands burn!
* * * LOW HITPOINT WARNING * * *
You headbutt the jelly.
The jelly is almost dead.
The jelly hits you.
* * * LOW HITPOINT WARNING * * *
You are splashed with acid.
You die...

#.# #........# #....# #.#
#....##### #....# #.# #....##
#....# #.# ###### ####..#
#....# #.###....#######.#
###### #.##.####.#..#
#.############ #.##.#
#.#..###.#..........# #.##.#
#.###J.#.#..........#
#.##.####.###h.#.#..........#
#.###†.#.##..###.#..........#
#.# #).#.##..###.#..........#
#.####'#.####..#...†........#
#.'....#.####..###..........#
###.88.##....###
#(.........## #.88.#######
#...........# #....#
#...........# ######
#............


You could see a jelly.

Vanquished Creatures
  A troll (D:6)
  Grinder (D:3)
  Prince Ribbit (D:6)
  Eustachio (D:4)
  Duvessa (D:4)
  An orc warrior (D:6)
  2 centaurs
  A phantom (D:5)
  2 bullfrogs (D:6)
  3 scorpions
  Dowan (D:4)
  A howler monkey (D:5)
  4 hounds
  2 jellies
  A bombardier beetle (D:4)
  2 orc priests
  4 sleepcaps
  Jessica (D:2)
  7 iguanas
  2 orc wizards
  8 mummies (Ossuary)
  Robin (D:3)
  3 gnolls (D:3)
  6 adders
  3 dart slugs
  11 orcs
  6 ball pythons
  5 bats
  An endoplasm (D:1)
  A giant cockroach (D:4)
  17 goblins
  7 hobgoblins
  8 jackals
  4 quokkas
  5 frilled lizards
  3 hobgoblin zombies (Ossuary)
  14 kobolds
  3 kobold zombies (Ossuary)
  2 orc zombies (Ossuary)
  5 rats
152 creatures vanquished.

Notes
Turn   | Place    | Note
-------+----------+-------------------------------------------
     0 | D:1      | Peloso the Minotaur Fighter began the quest for the Orb.
     0 | D:1      | Reached XP level 1. HP: 19/19 MP: 0/0
   194 | D:1      | Reached XP level 2. HP: 23/27 MP: 1/1
   403 | D:1      | Found a faded altar of an unknown god.
   925 | D:1      | Reached XP level 3. HP: 33/33 MP: 2/2
  1433 | D:2      | Noticed Jessica
  1438 | D:2      | Killed Jessica
  1439 | D:2      | Reached XP level 4. HP: 27/41 MP: 3/3
  1600 | D:3      | Noticed Robin
  1784 | D:3      | Killed Robin
  1927 | D:3      | Reached skill level 5 in Armour
  1927 | D:3      | Reached XP level 5. HP: 36/47 MP: 4/4
  2111 | D:3      | Noticed Grinder
  2111 | D:3      | Paralysed by Grinder for 4 turns
  2118 | D:3      | Paralysed by Grinder for 2 turns
  2129 | D:3      | Killed Grinder
  2130 | D:3      | Reached skill level 1 in Dodging
  2130 | D:3      | Reached XP level 6. HP: 38/55 MP: 5/5
  2579 | D:3      | Found Oqiytt's Jewellery Shoppe.
  2939 | D:4      | Noticed Eustachio
  2979 | D:4      | Killed Eustachio
  2980 | D:4      | Reached skill level 5 in Fighting
  2980 | D:4      | Reached skill level 5 in Long Blades
  2980 | D:4      | Reached XP level 7. HP: 29/61 MP: 6/6
  3101 | D:4      | Found a staircase to the Ecumenical Temple.
  3108 | Temple   | Entered the Ecumenical Temple
  3293 | D:4      | Noticed Dowan
  3294 | D:4      | Noticed Duvessa
  3309 | D:4      | Killed Duvessa
  3316 | D:4      | Killed Dowan
  3570 | D:4      | Found Xekhuc's Armour Shop.
  3595 | D:4      | Reached XP level 8. HP: 69/69 MP: 7/7
  3685 | D:4      | Found a glowing golden altar of the Shining One.
  4026 | D:5      | Entered Level 5 of the Dungeon
  4072 | D:5      | Found a sand-covered staircase.
  4090 | Ossuary  | Entered an ossuary
  4664 | D:5      | Found a hide-covered altar of Uskayaw.
  4792 | D:5      | Found a runed translucent door.
  4793 | D:5      | Noticed Crazy Yiuf
  4994 | D:5      | Reached skill level 5 in Shields
  5070 | D:5      | Found a stormy altar of Qazlal.
  5317 | D:5      | Reached skill level 1 in Stealth
  5343 | D:5      | Found an opulent altar of Gozag.
  5492 | D:5      | Found a runed translucent gate.
  5492 | D:5      | Noticed Xeniu's ghost (novice OpIE)
  5493 | D:5      | Found a runed translucent gate.
  5494 | D:5      | Found a runed translucent gate.
  5495 | D:5      | Identified the +3 whip "Zirocha" {flame, Dex+3}
  5495 | D:5      | Identified the +1 leather armour "Itistreatz" {Slay+3}
  5643 | D:6      | Noticed Prince Ribbit
  5667 | D:6      | Killed Prince Ribbit
  5668 | D:6      | Reached skill level 1 in Shapeshifting
  6057 | D:6      | Reached XP level 9. HP: 77/77 MP: 8/8
  6543 | D:6      | Noticed a troll
  6557 | D:6      | Killed a troll
  6560 | D:6      | HP: 3/78 [jelly (3)]
  6560 | D:6      | Splashed by a jelly's acid

Illustrated notes

Levels and vault maps discovered:
D:1:      spicycebolla_green_bress_n_ham_2, layout_loops_corners,
          hellmonk_ecumenical_altar_leap_of_faith, minmay_bisected
D:2:      layout_loops_ring, feat_on_display, uniq_jessica
D:3:      minmay_wonky_spiral, layout_basic, serial_shops,
          nicolae_shop_tiny_waterfront, minmay_diced_spiral, uniq_grinder,
          uniq_robin
D:4:      layout_loops_ring, tso_altar, minmay_temple_entry_slanted,
          serial_shops, shop, uniq_duvessa, uniq_eustachio
D:5:      layout_loops_ring, kennysheep_mini, amcnicky_altar_gilded,
          lemuel_coloured_pillars_altar, biasface_ghost_orc_armoury,
          lightli_ossuary_entry_decrepit_ruins, minmay_misc_feat_tower,
          grunt_decor_one_mirror, uniq_crazy_yiuf_cottage
D:6:      minmay_chambers_of_fours, layout_basic, uniq_prince_ribbit1
Temple:   nicolae_temple_hex_pool

Skill      XL: |  1  2  3  4  5  6  7  8  9 |
---------------+----------------------------+-----
Fighting       | 4 5 6 |  6.5
Armour         | 4 5 6 7 8 9 |  9.1
Long Blades    | 3 4 5 6 8 9 |  9.2
Shields        | 4 5 6 |  6.0
Dodging        | 1 2 |  2.4
Stealth        | 1 |  1.1
Shapeshifting  | 1 |  1.8

Action                     |  1- 3 |  4- 6 |  7- 9 || total
---------------------------+-------+-------+-------++-------
  Melee: Long sword        |   102 |   132 |   286 ||   520
         Headbutt          |     9 |    19 |    63 ||    91
    Use: Potion            |       |     2 |       ||     2
         Scroll            |       |     8 |     5 ||    13
 Armour: Chain mail        |    89 |   145 |   165 ||   399
         Plate armour      |       |       |    62 ||    62
  Dodge: Dodged            |    39 |    64 |    96 ||   199
  Block: Buckler           |    27 |    34 |    66 ||   127
   Form: Beast             |       |       |     1 ||     1
